 Dungeon Crawl Stone Soup version 0.28-a0-973-ga7f8b01127 (webtiles) character file.

Game seed: 200126211015081519

587 cheechan the Gusty (level 7, -2/43 HPs)
             Began as an Octopode Air Elementalist on Dec 1, 2021.
             Slain by an orc warrior (10 damage)
             ... on level 4 of the Dungeon.
             The game lasted 00:15:21 (3242 turns).

cheechan the Gusty (Octopode Air Elementalist)      Turns: 3242, Time: 00:15:22

Health: -2/43      AC:  1    Str:  8    XL:     7   Next: 38%
Magic:  8/13       EV: 13    Int: 19    God:
Gold:   90         SH:  0    Dex: 12    Spells: 4/14 levels left

rFire   . . .      SeeInvis .   k - +5 quarterstaff (chaos)
rCold   . . .      Faith    .   (shield currently unavailable)
rNeg    . . .      Spirit   .   (helmet restricted)
rPois   .          Reflect  .   (no amulet)
rElec   .          Harm     .   (no ring)
rCorr   .          Rampage  .   (no ring)
Will    .....                   (no ring)
Stlth   +++.......              (no ring)
HPRegen 0.14/turn               (no ring)
MPRegen 0.13/turn               (no ring)
                                (no ring)
                                (no ring)

@: very slightly contaminated
A: almost no armour, amphibious, 8 rings, camouflage 1, gelatinous body 1,
(nimble swimmer 1), tentacles
a: no special abilities


You were on level 4 of the Dungeon.
You visited 1 branch of the dungeon, and saw 4 of its levels.

You collected 90 gold pieces.

Inventory:

Hand Weapons
 b - a +1 dagger
 g - a +0 hunting sling
 j - a +2 dagger of draining
 k - a +5 quarterstaff of chaos (weapon)
 o - a +0 quarterstaff
Missiles
 a - 27 sling bullets
 c - 40 arrows
 e - 37 bolts
 m - 6 boomerangs
Magical Staves
 l - a staff of poison
Scrolls
 i - 2 scrolls of teleportation
 n - a scroll of enchant armour
Potions
 d - 2 potions of resistance {unknown}
 f - a potion of degeneration {unknown}
 h - 2 potions of haste {unknown}
 p - a potion of curing {unknown}


   Skills:
 + Level 1.4 Fighting
 + Level 0.2 Short Blades
 + Level 2.6 Staves
 + Level 2.3 Dodging
 + Level 3.4 Stealth
 + Level 4.2 Spellcasting
 + Level 3.0 Conjurations
 + Level 4.9 Air Magic


You had 4 spell levels left.
You knew the following spells:

 Your Spells              Type           Power      Damage    Failure   Level
a - Shock                 Conj/Air       76%        1d7       2%          1
b - Static Discharge      Conj/Air       19%        N/A       4%          2
c - Airstrike             Air            11%        N/A       17%         4
d - Swiftness             Air            22%        N/A       5%          3

Your spell library contained the following spells:

 Spells                   Type           Power      Damage    Failure   Level


Dungeon Overview and Level Annotations

Branches:
Dungeon (4/15)             Temple (0/1) D:4

Altars:
Okawaru
Xom

Shops:
D:2 =


Innate Abilities, Weirdness & Mutations

You cannot wear most types of armour.
You are amphibious.
You can wear up to eight rings at the same time.
Your skin changes colour to match your surroundings (Stealth+).
Your rubbery body absorbs attacks. (AC +1, EV +1)
((You are camouflaged near water. (Stealth+)))
You have tentacles for arms and can constrict up to eight enemies at once.


Message History

The orc warrior is severely wounded.
The orc warrior hits you with a +0 hand axe!
Unknown command.
Casting: Shock (safe; 2% risk of failure)
Confirm with . or Enter, or press ? or * to list all spells.
Aiming: Shock (safe; 2% risk of failure)
Press: ? - help, Shift-Dir - straight line The zap hits the orc warrior.
The orc warrior is severely wounded.
The orc warrior hits you with a +0 hand axe.
Unknown command.
Casting: Shock (safe; 2% risk of failure)
Confirm with . or Enter, or press ? or * to list all spells.
Aiming: Shock (safe; 2% risk of failure)
Press: ? - help, Shift-Dir - straight line The zap hits the orc warrior but does no damage.
The orc warrior is severely wounded.
The orc warrior misses you.
Unknown command.
Casting: Shock (safe; 2% risk of failure)
Confirm with . or Enter, or press ? or * to list all spells.
Aiming: Shock (safe; 2% risk of failure)
Press: ? - help, Shift-Dir - straight line The zap hits the orc warrior!
The orc warrior is almost dead.
The orc warrior hits you with a +0 hand axe!
* * * LOW HITPOINT WARNING * * *
Unknown command.
Okay, then.
A lemure comes into view.
Casting: Shock (safe; 2% risk of failure)
Confirm with . or Enter, or press ? or * to list all spells.
Aiming: Shock (safe; 2% risk of failure)
Press: ? - help, Shift-Dir - straight line, f - orc warrior
Aim: an orc warrior, wielding a +0 hand axe and wearing a +0 plate armour (severely wounded, 71% to hit)
You miscast Shock.
You are very lightly contaminated with residual magic.
Nothing appears to happen.
The orc warrior hits you with a +0 hand axe!
You die...

.#.######.###..#...#.#
##.# #.# #.##.......
##.# #.###.##..#..)..
#.# #........#####..
#.# ###..####.# ' #.#
#.........#
#.##....#.# #.
#.##.#o# # #.##.#@#
#.##.#.# .......#
####.... #####


You could see an orc warrior.

Vanquished Creatures
  2 black bears (D:4)
  2 ogres (D:4)
  A water moccasin skeleton (D:3)
  An orc priest (D:4)
  Crazy Yiuf (D:3)
  A hound skeleton (D:4)
  5 adders
  3 worms (D:2)
  2 dart slugs
  2 orcs (D:4)
  10 endoplasms
  8 goblins
  4 hobgoblins
  6 jackals
  8 kobolds
  5 quokkas
  A ball python (D:1)
  3 bats
  3 frilled lizards
  3 rats
71 creatures vanquished.

Vanquished Creatures (others)
  63 plants (D:4)
63 creatures vanquished.

Grand Total: 134 creatures vanquished

Notes
Turn   | Place    | Note
-------+----------+-------------------------------------------
     0 | D:1      | cheechan the Octopode Air Elementalist began the quest for
                  | the Orb.
     0 | D:1      | Reached XP level 1. HP: 11/11 MP: 3/3
    97 | D:1      | Reached XP level 2. HP: 17/17 MP: 1/5
   707 | D:1      | Reached XP level 3. HP: 21/21 MP: 2/6
  1478 | D:2      | Reached XP level 4. HP: 27/27 MP: 2/8
  1558 | D:2      | Found Keemue's Jewellery Shoppe.
  2088 | D:3      | Found a runed translucent door.
  2089 | D:3      | Noticed Crazy Yiuf
  2129 | D:3      | Killed Crazy Yiuf
  2230 | D:3      | Reached XP level 5. HP: 31/32 MP: 1/9
  2297 | D:3      | Found an iron altar of Okawaru.
  2297 | D:3      | Found a shimmering altar of Xom.
  2635 | D:3      | Found a faded altar of an unknown god.
  2744 | D:4      | Learned a level 2 spell: Static Discharge
  2749 | D:4      | Learned a level 4 spell: Airstrike
  2753 | D:4      | Learned a level 3 spell: Swiftness
  2799 | D:4      | Noticed a black bear
  2806 | D:4      | Killed a black bear
  2807 | D:4      | Reached skill level 1 in Staves
  2807 | D:4      | Reached XP level 6. HP: 34/37 MP: 7/11
  2824 | D:4      | Noticed a black bear
  2839 | D:4      | Killed a black bear
  2840 | D:4      | Reached skill level 1 in Fighting
  3048 | D:4      | Reached XP level 7. HP: 43/43 MP: 4/13
  3185 | D:4      | Found a staircase to the Ecumenical Temple.
  3242 | D:4      | Slain by an orc warrior

Illustrated notes

Levels and vault maps discovered:
D:1:      dpeg_arrival_shelter, layout_basic, serial_bayou_pond_e,
          minmay_pentomino_u4
D:2:      layout_loops_ring, serial_shops, nicolae_lakefront_shop,
          kennysheep_minor_cross, chequers_serial_rivers_small_a
D:3:      layout_basic, chequers_temple_overflow_statue_of_worship,
          shapermc_ecumenical_altar_hornbeckon, uniq_crazy_yiuf_cottage
D:4:      layout_loops_corners, minmay_temple_entry_grid, serial_shops, shop,
          kennysheep_boxes, uniq_pikel, uniq_blork_the_orc, uniq_edmund

Skill      XL: |  1  2  3  4  5  6  7 |
---------------+----------------------+-----
Spellcasting   | 3 4 |  4.2
Stealth        | 3 |  3.4
Air Magic      | 4 |  4.9
Conjurations   | 2 3 |  3.0
Staves         | 1 2 |  2.6
Fighting       | 1 |  1.4
Short Blades   | |  0.2
Dodging        | |  2.3

Action                   |  1- 3 |  4- 6 |  7- 9 || total
-------------------------+-------+-------+-------++-------
Melee: Unarmed           |     5 |       |       ||     5
       Tentacles         |     2 |     7 |       ||     9
       Constrict         |     5 |     8 |       ||    13
       Dagger            |    20 |     3 |       ||    23
       Quarterstaff      |       |    23 |     1 ||    24
 Cast: Shock             |    49 |    66 |    15 ||   130
       Static Discharge  |       |     2 |       ||     2
  Use: Scroll            |     7 |     2 |       ||     9
       Potion            |       |     1 |       ||     1
 Stab: Sleeping          |     2 |     1 |       ||     3
Armor: Skin              |     2 |     2 |       ||     4
Dodge: Dodged            |    22 |    33 |     4 ||    59

Table legend: (Time is in decaauts)
 A = Elapsed time spent in this place.
 B = Non-inter-level travel time spent in this place.
 C = Inter-level travel time spent in this place.
 D = Time resting spent in this place.
 E = Time spent auto-exploring this place.
 F = Levels seen in this place.
 G = Mean time per level.
                   A        B        C        D        E       F      G
               +--------+--------+--------+--------+--------+-----+--------+
         Total |   3232 |   3232 |      0 |    593 |      0 |   4 |  808.0 |
       Dungeon |   3232 |   3232 |      0 |    593 |      0 |   4 |  808.0 |
               +--------+--------+--------+--------+--------+-----+--------+

Top non-repeatable levels by time:
     D:2: 1069 daAuts
     D:1: 961 daAuts
     D:3: 675 daAuts
     D:4: 525 daAuts
